 Dungeon Crawl Stone Soup version 0.28.0-1-gb440e238dd (webtiles) character file.

Game seed: 3134482666403544658

565 issech the Cudgeller (level 7, 0/67 HPs)
             Began as a Troll Monk on Feb 26, 2022.
             Succumbed to an orc priest's poison
             ... on level 4 of the Dungeon.
             The game lasted 00:14:23 (3256 turns).

issech the Cudgeller (Troll Monk)                   Turns: 3256, Time: 00:14:24

Health: 0/67       AC:  4    Str: 20    XL:     7   Next: 10%
Magic:  15/15      EV: 11    Int:  6    God:
Gold:   181        SH:  0    Dex: 14    Spells: 6/6 levels left

rFire   . . .      SeeInvis .   k - +2 mace (vorpal)
rCold   . . .      Faith    .   (no shield)
rNeg    . . .      Spirit   .   b - +0 robe
rPois   .          Reflect  .   (helmet restricted)
rElec   .          Harm     .   (no cloak)
rCorr   .          Rampage  .   (gloves unavailable)
Will    .....                   (boots unavailable)
Stlth   ++........              (no amulet)
HPRegen 1.01/turn               q - ring of magical power
MPRegen 0.14/turn               (no ring)

@: lethally poisoned (0 -> -6)
A: large, unfitting armour, claws 3, regeneration 1, shaggy fur 1, tough skin 1
a: no special abilities


You were on level 4 of the Dungeon.
You visited 1 branch of the dungeon, and saw 4 of its levels.

You collected 181 gold pieces.

Inventory:

Hand Weapons
 a - a +0 mace
 k - a +2 vorpal mace (weapon)
 w - a +4 dagger
Missiles
 e - 265 stones (quivered)
 h - 31 arrows
 n - a throwing net
 s - 22 poisoned darts
 t - 42 bolts
 v - 26 sling bullets
Armour
 b - a +0 robe (worn)
Magical Staves
 m - a staff of air
Jewellery
 q - a ring of magical power (left claw)
Scrolls
 f - a scroll of acquirement {unknown}
 i - a scroll of immolation {unknown}
 o - a scroll of vulnerability {unknown}
 p - a scroll of holy word
 r - 3 scrolls of teleportation
 u - a scroll of magic mapping
Potions
 c - 2 potions of attraction {unknown}
 d - 2 potions of curing {unknown}
 j - 2 potions of lignification {unknown}
 l - a potion of heal wounds {unknown}


   Skills:
 + Level 3.6 Fighting
 + Level 5.7 Maces & Flails
 + Level 3.9 Dodging
 + Level 1.3 Stealth


You had 6 spell levels left.
You didn't know any spells.
Your spell library contained the following spells:

 Spells                   Type           Power      Damage    Failure   Level
 Beastly Appendage        Tmut           0%         N/A       45%         1
 Wereblood                Tmut           0%         N/A       58%         2
 Spider Form              Tmut/Pois      0%         N/A       83%         3


Dungeon Overview and Level Annotations

Branches:
Dungeon (4/15)
 Temple: D:4-7

Altars:


Innate Abilities, Weirdness & Mutations

You are too large for most types of armour.
You have claws for hands.
Your natural rate of healing is unusually fast.
You are covered in fur. (AC +1)
You have tough skin. (AC +1)


Message History

You kill the orc!
You hit the orc but do no damage. The orc barely misses you.
You hit the orc.
The orc is heavily wounded.
The orc priest hits you but does no damage.
You are poisoned.
The orc barely misses you.
You hit the orc.
You kill the orc!
You feel sick.
The orc priest mumbles some strange prayers to Beogh against you.
You struggle to resist.
The orc priest hits you from afar with a +2 trident of venom.
You hit the iguana but do no damage.
You feel sick.
The iguana bites you but does no damage.
The orc priest hits you from afar with a +2 trident of venom!
You are more poisoned.
You hit the iguana but do no damage.
You feel very sick. The iguana bites you!
The orc priest hits you from afar with a +2 trident of venom.
You are more poisoned.
The iguana barely misses you.
You completely miss the iguana.
You feel extremely sick. The orc priest closely misses you.
The iguana bites you!
You sock the iguana!
The iguana is almost dead.
You feel very sick.
The orc priest hits you from afar with a +2 trident of venom.
* * * LOW HITPOINT WARNING * * *
You are lethally poisoned!
The iguana completely misses you.
* * * LOW HITPOINT WARNING * * *
You feel extremely sick.
* * * LOW HITPOINT WARNING * * *
You feel very sick.
* * * LOW HITPOINT WARNING * * *
You feel very sick.
You die...

.......##...##..###<.........<...
.................................
.##.........#....................
###......####..##................
........###...###..............>#
#.......# #...#####...........###
#........###..#.###.............#
#..#.......#.....#...).#.>.....##
.....>...).)o.l.@...##.###....##
.!....#..##....##..#...##..##
..... #..####.###..##.#....# ##..
...## ### #..##......# #. ..###
#.....#....# #.... ###.....###..#
#.. #####.#.).<####..# ...
..............#..#
#.##.............#


You could see an iguana and an orc priest.

Vanquished Creatures
  3 kobold brigands (D:3)
  A bullfrog skeleton (D:3)
  An orc wizard (D:4)
  4 adders
  13 gnolls (D:3)
  An adder skeleton (D:4)
  2 worms
  3 dart slugs
  10 orcs
  2 bats
  7 endoplasms
  5 giant cockroaches
  8 goblins
  6 hobgoblins
  5 jackals (D:4)
  6 quokkas
  5 ball pythons
  3 frilled lizards
  41 kobolds
  4 rats
130 creatures vanquished.

Notes
Turn   | Place    | Note
-------+----------+-------------------------------------------
     0 | D:1      | issech the Troll Monk began the quest for the Orb.
     0 | D:1      | Reached XP level 1. HP: 22/22 MP: 0/0
    51 | D:1      | Found a faded altar of an unknown god.
   116 | D:1      | Reached skill level 3 in Maces & Flails
   144 | D:1      | Reached XP level 2. HP: 29/29 MP: 1/1
   646 | D:2      | Reached XP level 3. HP: 34/36 MP: 2/2
   908 | D:2      | Reached XP level 4. HP: 44/44 MP: 3/3
  1543 | D:3      | Noticed a kobold brigand
  1554 | D:3      | Killed a kobold brigand
  1555 | D:3      | Reached skill level 4 in Maces & Flails
  1555 | D:3      | Reached XP level 5. HP: 20/53 MP: 4/4
  1959 | D:3      | Reached XP level 6. HP: 57/61 MP: 5/5
  2018 | D:3      | Reached skill level 5 in Maces & Flails
  2971 | D:4      | Reached XP level 7. HP: 50/67 MP: 6/6
  3255 | D:4      | HP: 2/67 [poisoned by an orc priest]
  3256 | D:4      | Succumbed to an orc priest's poison

Illustrated notes

Levels and vault maps discovered:
D:1:      scummos_arrival_simple_fountains, layout_rooms,
          hellmonk_ecumenical_altar_lost_god
D:2:      layout_loops_ring
D:3:      minmay_goblin_kobold_castle, layout_basic
D:4:      layout_cave_pools, uniq_edmund

Skill      XL: |  1  2  3  4  5  6 |
---------------+-------------------+-----
Maces & Flails | 3 4 5 |  5.7
Dodging        | 3 |  3.9
Fighting       | 3 |  3.6
Stealth        | |  1.3

Action                   |  1- 3 |  4- 6 |  7- 9 || total
-------------------------+-------+-------+-------++-------
Melee: Mace              |    95 |   205 |    51 ||   351
       Punch             |       |     2 |       ||     2
Throw: Stone             |       |     2 |       ||     2
  Use: Scroll            |       |     1 |     2 ||     3
 Stab: Sleeping          |     2 |     3 |       ||     5
Armor: Robe              |    46 |    64 |    24 ||   134
Dodge: Dodged            |    54 |   133 |    54 ||   241
